 Dungeon Crawl Stone Soup version 0.17-a0-844-g054e213 (webtiles) character file.

118 Sixotanaka the Cudgeler (level 4, -51/36 HPs)
             Began as a Demigod Wanderer on Apr 26, 2015.
             Killed from afar by a gnoll (54 damage)
             ... with an exploding inner flame
             ... hexed by the player character
             ... on level 2 of the Dungeon.
             The game lasted 00:03:46 (2566 turns).

Sixotanaka the Cudgeler (Demigod Wanderer)          Turns: 2566, Time: 00:03:46

Health: -51/36     AC:  5    Str: 18    XL:     4   Next: 45%
Magic:  7/7        EV: 10    Int: 16    God:
Gold:   97         SH:  0    Dex: 14    Spells: 0 memorised, 3 levels left

rFire  . . .     SeeInvis .     a - +2 mace
rCold  . . .     Clarity  .     b - +0 ring mail
rNeg   . . .     SustAb   +     (no shield)
rPois  .         Gourm    .     (no helmet)
rElec  .         Spirit   .     (no cloak)
rCorr  .         Warding  .     (no gloves)
rMut   .         Stasis   .     (no boots)
MR     .....                    (no amulet)
Stlth  +.........               (no ring)
                                (no ring)

@: not resistant to hostile enchantments, very unstealthy
A: high mp 1, sustain abilities
a: no special abilities


You were on level 2 of the Dungeon.
You were not hungry.

You visited 1 branch of the dungeon, and saw 2 of its levels.

You collected 97 gold pieces.


Innate Abilities, Weirdness & Mutations

You have an increased reservoir of magic (+10% MP).
Your attributes are resistant to harm.


   Skills:
 - Level 1.7 Fighting
   Level 1.0(3.0) Axes
 + Level 4.5(4.6) Maces & Flails
 - Level 1.0 Throwing
 - Level 2.6 Armour
 - Level 1.0 Evocations


You had 3 spell levels left.
You didn't know any spells.

Dungeon Overview and Level Annotations

Branches:
Dungeon (2/15)

Inventory:

Hand weapons
 a - a +2 mace (weapon)
 o - a +0 hunting sling
 r - a +0 flail
Missiles
 k - 17 poisoned needles
 p - 97 stones (quivered)
Armour
 b - a +0 ring mail (worn)
Jewellery
 m - an uncursed ring of protection from fire {unknown}
 n - an uncursed ring of ice {unknown}
Magical devices
 c - a wand of random effects (15)
Scrolls
 f - a scroll of immolation {!r}
 h - a scroll of remove curse {unknown}
Potions
 e - a potion of flight {unknown}
 g - a potion of resistance {unknown}
 i - a potion of brilliance {unknown}
 l - a potion of curing {unknown}
Comestibles
 d - 2 bread rations
 j - 2 meat rations
 q - 5 chunks of flesh

# # ##########
..÷......# ########.#
########.#############
......##..[.......)..#
#####.##############.#
#.# #.@§§†.# #.#
#)####.# #.# #g# #.#
##.#########.####.#
##...#...........#.#
###......#####.......#
.........# #..##.#.#
###.....## #..##.#.#
##...## #..##.#.#


You could see a gnoll (inner flame).


Message History

No target in view!
A kobold comes into view. It is wielding a club.
The kobold shouts!
The kobold throws a stone.
The stone hits you.
You see here a stone.
A kobold is nearby!
p - 96 stones (gained 1)
The kobold throws a stone.
The stone misses you.
The kobold throws a stone.
The stone closely misses you.
The kobold throws a stone.
The stone completely misses you. The kobold closely misses you.
Some of the chunks of flesh in your inventory have rotted away.
You barely miss the kobold. The kobold hits you with a club.
You thump the kobold!
You kill the kobold!
No target in view!
No target in view!
Things that are here:
a club; a kobold corpse
p - 97 stones (gained 1)
p - 99 stones (gained 2)
Things that are here:
a club; a kobold corpse The gnoll shouts!
The gnoll is too close now for your liking.
A gnoll is nearby!
Wield which item (- for none, * to show all)? (? for menu, Esc to quit)
o - a +0 hunting sling (weapon)
Aim: a gnoll, wielding a flail You shoot a stone.
The stone hits the gnoll but does no damage.
Aim: a gnoll, wielding a flail You shoot a stone.
The stone hits the gnoll.
Aim: a gnoll, wielding a flail (heavily wounded)
You shoot a stone. The stone barely misses the gnoll.
The gnoll hits you with a flail!
Wield which item (- for none, * to show all)? (? for menu, Esc to quit)
a - a +2 mace (weapon)
You hit the gnoll. The gnoll hits you with a flail!
* * * LOW HITPOINT WARNING * * *
You thump the gnoll!
You kill the gnoll!
Things that are here:
a flail; a gnoll corpse
r - a flail
p - 97 stones (gained 1)
You start resting.
The gnoll shouts!
You hear a shout!
You see here a stone.
You see here a stone.
You hit the gnoll. The gnoll closely misses you.
You sock the gnoll! The gnoll misses you. The gnoll hits you.
* * * LOW HITPOINT WARNING * * *
You hit the gnoll.
You kill the gnoll!
The gnoll hits you but does no damage.
Read which item? (? for menu, Esc to quit)
As you read the scroll labeled ELIOVA MOXT, it crumbles to dust.
The creatures around you are filled with an inner flame!
It was a scroll of immolation.
The gnoll hits you from afar with a spear!
* * * LOW HITPOINT WARNING * * *
The gnoll misses you.
You sock the gnoll! The gnoll completely misses you. The gnoll hits you.
* * * LOW HITPOINT WARNING * * *
You thump the gnoll!
The gnoll explodes!
The fiery explosion engulfs you!
Ouch! That really hurt!
You die...

Action                   |  1- 3 |  4- 6 || total
-------------------------+-------+-------++-------
Melee: Mace              |   121 |    24 ||   145
 Fire: Hunting sling     |       |     3 ||     3
  Use: Scroll            |       |     1 ||     1
  Eat: Chunk             |     5 |       ||     5

Vault maps used:
D:1:      minmay_arrival_widening_spiral_narrow, serial_forest,
          infiniplex_forest_clump_tiny, infiniplex_forest_lined_ring,
          infiniplex_forest_straight_3, infiniplex_forest_end_2,
          hangedman_decor_diamond_cutter

Notes
Turn   | Place    | Note
--------------------------------------------------------------
     0 | D:1      | Sixotanaka, the Demigod Wanderer, began the quest for the Orb.
     0 | D:1      | Sixotanaka set off with: a +2 mace, a +0 ring mail, a wand of random effects (15), a bread ration
     0 | D:1      | Reached XP level 1. HP: 17/17 MP: 3/3
   138 | D:1      | Reached skill level 2 in Maces & Flails
   540 | D:1      | Reached XP level 2. HP: 22/24 MP: 5/5
   857 | D:1      | Reached skill level 3 in Maces & Flails
  1360 | D:2      | Reached XP level 3. HP: 13/29 MP: 6/6
  2397 | D:2      | Reached skill level 4 in Maces & Flails
  2415 | D:2      | Reached XP level 4. HP: 28/36 MP: 7/7
  2564 | D:2      | HP: 8/36 [gnoll/spear (7)]
  2565 | D:2      | HP: 3/36 [gnoll (5)]
  2566 | D:2      | Killed from afar by a gnoll

Vanquished Creatures
  2 gnolls (D:2)
  4 adders (D:2)
  2 oozes
  3 giant geckos
  4 ball pythons
  4 bats (D:2)
  A giant cockroach (D:1)
  9 goblins
  8 hobgoblins
  10 kobolds
  A quokka (D:2)
  3 giant newts (D:1)
  3 rats (D:2)
54 creatures vanquished.
